 Dungeon Crawl Stone Soup version 0.30-a0-373-gd37427bb62 (webtiles) character file.

Game seed: 14594363409972712902

82 bande the Shield-Bearer (level 4, -4/29 HPs)
             Began as a Gargoyle Fighter on Nov 24, 2022.
             Slain by a black bear (8 damage)
             ... on level 3 of the Dungeon.
             The game lasted 00:02:58 (1559 turns).

bande the Shield-Bearer (Gargoyle Fighter)          Turns: 1559, Time: 00:02:59

Health: -4/29      AC: 10    Str: 19    XL:     4   Next: 43%
Magic:  4/4        EV:  9    Int:  9    God:
Gold:   121        SH:  4    Dex: 11    Spells: 3/3 levels left

rFire   . . .      SeeInvis .    a - +0 war axe
rCold   . . .      Faith    .    c - +0 buckler
rNeg    + . .      Spirit   .    b - +0 scale mail
rPois   ∞          Reflect  .    (no helmet)
rElec   +          Harm     .    k - scarf {+Inv}
rCorr   +          Rampage  .    (no gloves)
Will    +....                    (no boots)
Stlth   ..........               (no amulet)
HPRegen 0.24/turn                j - ring of willpower
MPRegen 0.09/turn                o - ring of resist corrosion

@: no status effects
A: sickness immunity, AC +3, negative energy resistance 1, electricity
resistance, torment resistance 1, petrification resistance
a: Evoke Invisibility


You were on level 3 of the Dungeon.
You visited 1 branch of the dungeon, and saw 3 of its levels.

You collected 121 gold pieces.

Inventory:

Hand Weapons
 a - a +0 war axe (weapon)
Armour
 b - a +0 scale mail (worn)
 c - a +0 buckler (worn)
 k - a scarf of invisibility (worn)
Jewellery
 j - a ring of willpower (left hand)
 l - a ring of ice
 o - a ring of resist corrosion (right hand)
Wands
 i - a wand of roots (9)
Scrolls
 f - a scroll of vulnerability {unknown}
 h - 6 scrolls of identify {unknown}
 n - a scroll of teleportation {unknown}
 q - a scroll of enchant armour {unknown}
Potions
 d - a potion of might
 e - a potion of curing {unknown}
 g - a potion of flight {unknown}
 m - 2 potions of mutation {unknown}
 p - a potion of heal wounds {unknown}


   Skills:
 + Level 3.7 Fighting
 + Level 2.8 Axes
 + Level 3.7 Armour
 + Level 3.8 Shields
 * Level 0.8 Evocations


You had 3 spell levels left.
You didn't know any spells.
Your spell library contained the following spells:

 Spells                   Type           Power      Damage    Failure   Level
 Slow                     Hex            0%         N/A       83%         1
 Confusing Touch          Hex            0%         N/A       99%         3
 Vampiric Draining        Necr           0%         2d6       99%         3


Dungeon Overview and Level Annotations

Branches:
Dungeon (3/15)

Altars:
Ashenzari


Innate Abilities, Weirdness & Mutations

You are immune to sickness and miasma.
Your stone body is resilient. (AC +3)
You are immune to poison.
You resist negative energy. (rN+)
You are resistant to electric shocks. (rElec)
You are resistant to unholy torment.
You are immune to petrification.


Message History

You hit the black bear but do no damage.
The black bear is severely wounded.
The black bear goes berserk!
You block the black bear's attack. The black bear claws you.
The black bear claws you but does no damage.
You hit the black bear.
The black bear is severely wounded.
The black bear bites you but does no damage.
The black bear claws you. You block the black bear's attack.
The black bear bites you but does no damage.
The black bear claws you but does no damage.
The black bear barely misses you.
You closely miss the black bear.
The black bear is severely wounded.
The black bear barely misses you. You block the black bear's attack.
The black bear claws you but does no damage.
The black bear completely misses you.
The black bear claws you but does no damage.
The black bear claws you.
You barely miss the black bear.
The black bear is severely wounded.
The black bear bites you but does no damage.
The black bear claws you but does no damage.
The black bear misses you. The black bear bites you!
The black bear completely misses you. The black bear claws you.
Unknown command.
You hit the black bear.
The black bear is almost dead.
The black bear barely misses you. The black bear closely misses you.
The black bear barely misses you. The black bear bites you.
The black bear claws you but does no damage. x2
Unknown command.
You barely miss the black bear.
The black bear is almost dead.
The black bear bites you.
* * * LOW HITPOINT WARNING * * *
The black bear barely misses you.
The black bear claws you but does no damage.
The black bear bites you!
You die...

#.............
##..###........
..#.####.#.#######)..#
#.......###.# #...#
###.###..#.## #...# ##
#.#†## #...# .. #.###
##.##
####.###.###########.##
#...wh@................
#.##.####.#####<..##..#
# .#####...##..#
.##...........
.##.##...##..# .##
#........ .. ...####.##
#.#### #.# # #.#


You could see a black bear (berserk) and a dart slug.

Vanquished Creatures
  3 adders (D:2)
  2 dart slugs (D:1)
  An orc (D:3)
  A ball python (D:3)
  8 bats
  An endoplasm (D:2)
  4 giant cockroaches
  5 hobgoblins
  4 jackals (D:2)
  3 kobolds
  2 quokkas
  2 frilled lizards (D:1)
  4 goblins
  8 rats
48 creatures vanquished.

Notes
Turn   | Place    | Note
-------+----------+-------------------------------------------
     0 | D:1      | bande the Gargoyle Fighter began the quest for the Orb.
     0 | D:1      | Reached XP level 1. HP: 14/14 MP: 1/1
   114 | D:1      | Reached XP level 2. HP: 19/19 MP: 2/2
   510 | D:1      | Reached XP level 3. HP: 19/23 MP: 3/3
   979 | D:2      | Reached XP level 4. HP: 29/29 MP: 4/4
  1052 | D:2      | Found a broken altar of Ashenzari.
  1547 | D:3      | Noticed a black bear
  1559 | D:3      | Slain by a black bear

Illustrated notes

Levels and vault maps discovered:
D:1:      zaba_arrival_water, layout_loops_ring,
          hangedman_decor_clover_reticule, kennysheep_another_room
D:2:      layout_rooms, basic_altar, kennysheep_pointless_box, minmay_distorted
D:3:      layout_loops_cross, hellmonk_ecumenical_altar_watching_god

Skill      XL: |  1  2 |
---------------+-------+-----
Axes           | 2 |  2.8
Fighting       | |  3.7
Armour         | |  3.7
Shields        | |  3.8
Evocations     | |  0.8

Action                   |  1- 3 |  4- 6 || total
-------------------------+-------+-------++-------
Melee: War axe           |   106 |    56 ||   162
Armor: Scale mail        |    64 |    44 ||   108
Dodge: Dodged            |    59 |    30 ||    89
Block: Buckler           |    27 |    14 ||    41

Table legend: (Time is in decaauts)
 A = Elapsed time spent in this place.
 B = Non-inter-level travel time spent in this place.
 C = Inter-level travel time spent in this place.
 D = Time resting spent in this place.
 E = Time spent auto-exploring this place.
 F = Levels seen in this place.
 G = Mean time per level.
                   A        B        C        D        E       F      G
               +--------+--------+--------+--------+--------+-----+--------+
         Total |   1634 |   1616 |     18 |      0 |   1217 |   3 |  544.7 |
       Dungeon |   1634 |   1616 |     18 |      0 |   1217 |   3 |  544.7 |
               +--------+--------+--------+--------+--------+-----+--------+

Top non-repeatable levels by time:
     D:1: 779 daAuts
     D:2: 553 daAuts
     D:3: 301 daAuts
